 Dungeon Crawl Stone Soup version 0.28.0-47-ge53b351184 (webtiles) character file.

Game seed: 2003726467764280547

26 styxcanada the Sneak (level 2, -1/15 HPs)
             Began as a Spriggan Brigand on May 4, 2022.
             Slain by a gnoll
             ... wielding a +0 flail
              (7 damage)
             ... on level 2 of the Dungeon.
             The game lasted 00:03:29 (803 turns).

styxcanada the Sneak (Spriggan Brigand)              Turns: 803, Time: 00:03:30

Health: -1/15      AC:  3    Str:  7    XL:     2   Next: 89%
Magic:  3/3        EV: 17    Int: 12    God:
Gold:   28         SH:  0    Dex: 16    Spells: 1/1 levels left

rFire   . . .      SeeInvis +   i - +2 short sword (venom)
rCold   . . .      Faith    .   (no shield)
rNeg    . . .      Spirit   .   b - +0 robe
rPois   .          Reflect  .   (helmet restricted)
rElec   .          Harm     .   c - +0 cloak
rCorr   .          Rampage  .   (gloves unavailable)
Will    .....                   (boots unavailable)
Stlth   ++++......              (no amulet)
HPRegen 0.05/turn               (no ring)
MPRegen 0.08/turn               (no ring)

@: very quick
A: very small, no large weapons, unfitting armour, see invisible, speed 3
a: no special abilities


You were on level 2 of the Dungeon.
You visited 1 branch of the dungeon, and saw 2 of its levels.

You collected 28 gold pieces.

Inventory:

Hand Weapons
 a - a +2 dagger
 i - a +2 short sword of venom (weapon)
 j - a +1 short sword of venom
Missiles
 d - 6 poisoned darts (quivered)
 e - 2 curare-tipped darts
 h - 23 stones
Armour
 b - a +0 robe (worn)
 c - a +0 cloak (worn)
Scrolls
 f - 2 scrolls of identify {unknown}
 k - a scroll of enchant armour {unknown}
Potions
 g - a potion of degeneration {unknown}


   Skills:
 * Level 1.6 Fighting
 + Level 2.2 Short Blades
 + Level 2.0 Throwing
 * Level 1.9 Dodging
 * Level 7.1 Stealth


You had one spell level left.
You didn't know any spells.
Your spell library contained the following spells:

 Spells                   Type           Power      Damage    Failure   Level
 Sublimation of Blood     Necr           0%         N/A       45%         2
 Petrify                  Tmut/Erth      0%         N/A       97%         4
 Irradiate                Conj/Tmut      0%         3d13      100%        5


Dungeon Overview and Level Annotations

Branches:
Dungeon (2/15)

Altars:


Innate Abilities, Weirdness & Mutations

You are very small and have problems with some larger weapons.
You are too small for most types of armour.
You have supernaturally acute eyesight. (SInv)
You cover ground extremely quickly. (Speed+++)


Message History

The endoplasm looks as sick as possible!
The endoplasm is heavily wounded.
The endoplasm freezes you.
You are frozen.
You hit the endoplasm.
You kill the endoplasm!
A gnoll comes into view. It is wielding a +0 flail.
A hobgoblin comes into view.
The hobgoblin shouts!
A hobgoblin comes into view.
Found 9 gold pieces.
The hobgoblin shouts!
The hobgoblin barely misses you.
You see here 12 stones.
You hit the hobgoblin.
The hobgoblin is poisoned.
The hobgoblin is heavily wounded.
The hobgoblin misses you.
You closely miss the hobgoblin.
The hobgoblin is heavily wounded.
The hobgoblin barely misses you.
You closely miss the hobgoblin.
The hobgoblin is heavily wounded.
You kill the hobgoblin!
Throw: 8 darts (poison)
Press: ? - help, Q - select action, (/) - cycle Shift-Dir - straight line, f - hobgoblin
Aim: a hobgoblin (60% to hit)
You throw a poisoned dart. The poisoned dart hits the hobgoblin.
The hobgoblin is poisoned.
Unknown command.
Throw: 7 darts (poison)
Press: ? - help, Q - select action, (/) - cycle Shift-Dir - straight line, f/p - hobgoblin
Aim: a hobgoblin (heavily wounded, poisoned, 60% to hit)
You throw a poisoned dart.
The poisoned dart barely misses the hobgoblin.
The gnoll hits you with a +0 flail.
You closely miss the gnoll. The gnoll closely misses you.
You hit the gnoll.
The gnoll is poisoned.
The gnoll is heavily wounded.
The hobgoblin hits you. The gnoll hits you with a +0 flail!
You die...

#..(......#
#.........#
#####.........#
.......(......#
............#
.......(....#
............####
.......g........
###....@..###.#####
#....g..........#
#..........##.#.#
#......<......#.#
#...........###.#
#...........###.####
+..................#
#..........####.#..#
............##...#..#


You could see a gnoll (very poisoned) and a hobgoblin (poisoned).

Vanquished Creatures
  A dart slug (D:1)
  A bat (D:1)
  2 endoplasms
  3 giant cockroaches
  A goblin (D:1)
  3 hobgoblins
  2 ball pythons (D:1)
  2 frilled lizards (D:1)
  7 kobolds
  A rat (D:2)
23 creatures vanquished.

Notes
Turn   | Place    | Note
-------+----------+-------------------------------------------
     0 | D:1      | styxcanada the Spriggan Brigand began the quest for the
                  | Orb.
     0 | D:1      | Reached XP level 1. HP: 10/10 MP: 2/2
    93 | D:1      | Reached skill level 6 in Stealth
   231 | D:1      | Reached XP level 2. HP: 15/15 MP: 3/3
   780 | D:2      | Reached skill level 7 in Stealth
   803 | D:2      | Slain by a gnoll

Illustrated notes

Levels and vault maps discovered:
D:1:      psy_arrival_wood_between_worlds, layout_rooms, lemuel_flame_loot_1
D:2:      layout_basic, st_stairs_12

Skill      XL: |  1  2 |
---------------+-------+-----
Stealth        | 6 7 |  7.1
Fighting       | |  1.6
Short Blades   | |  2.2
Throwing       | |  2.0
Dodging        | |  1.9

Action                   || total
-------------------------++-------
Melee: Dagger            ||    10
       Short sword       ||    30
       Punch             ||     1
Throw: Dart              ||     6
 Stab: Sleeping          ||     9
Armor: Robe              ||     5
Dodge: Dodged            ||    20
